 Dungeon Crawl Stone Soup version 0.24.0-125-gc4c63601f3 (webtiles) character file.

Game seed: 7241035743448421045, levelgen mode: deterministic

341 Frank2 the Cudgeler (level 6, -6/47 HPs)
             Began as a Demonspawn Gladiator on Mar 18, 2020.
             Was an Initiate of Makhleb.
             Mangled by Menkaure (17 damage)
             ... on level 4 of the Dungeon.
             The game lasted 00:03:48 (3452 turns).

Frank2 the Cudgeler (Demonspawn Gladiator)          Turns: 3452, Time: 00:03:49

Health: -6/47      AC:  8    Str: 15    XL:     6   Next: 30%
Magic:  6/6        EV: 12    Int:  9    God:    Makhleb [......]
Gold:   149        SH:  0    Dex: 16    Spells: 5/5 levels left

rFire    . . .     SeeInvis .   a - +0 flail
rCold    . . .     Gourm    .   (no shield)
rNeg     . . .     Faith    .   k - +0 ring mail
rPois    .         Spirit   .   (helmet restricted)
rElec    .         Reflect  .   i - +0 cloak
rCorr    .         Harm     .   (no gloves)
MR       .....                  (no boots)
Stlth    +.........             (no amulet)
HPRegen  0.15/turn              (no ring)
MPRegen  0.10/turn              (no ring)

@: no status effects
A: horns 1, thin metallic scales 1, spiny 1
a: Renounce Religion


You were on level 4 of the Dungeon.
You worshipped Makhleb.
Makhleb was noncommittal.
You were not hungry.

You visited 1 branch of the dungeon, and saw 4 of its levels.

You collected 149 gold pieces.

Inventory:

Hand Weapons
 a - a +0 flail (weapon)
Missiles
 d - 3 throwing nets (quivered)
Armour
 c - a +0 helmet
 i - a +0 cloak (worn)
 k - a +0 ring mail (worn)
Jewellery
 b - an uncursed amulet of guardian spirit {unknown}
 h - a cursed ring of attention {unknown}
 m - a cursed ring of teleportation {unknown}
Scrolls
 o - a scroll of teleportation
 p - a scroll of fear
 u - 2 scrolls of magic mapping
Potions
 e - a potion of experience {unknown}
 g - a potion of flight {unknown}
 j - a potion of ambrosia {unknown}
 l - 2 potions of might {unknown}
 n - a potion of curing {unknown}
 r - a potion of berserk rage {unknown}
 s - a potion of brilliance {unknown}
 t - a potion of heal wounds {unknown}
 w - a potion of agility {unknown}
Comestibles
 f - 6 rations
 q - 6 chunks of flesh


   Skills:
 + Level 3.2 Fighting
 + Level 4.4 Maces & Flails
 + Level 1.8 Throwing
 + Level 2.6 Armour
 + Level 3.6 Dodging
 + Level 0.7 Stealth


You had 5 spell levels left.
You didn't know any spells.
Your spell library was empty.

Dungeon Overview and Level Annotations

Branches:
Dungeon (4/15)
 Temple: D:4-7

Altars:
Makhleb
Sif Muna
The Shining One

Annotations:
D:4 Menkaure


Innate Abilities, Weirdness & Mutations

You have a pair of small horns on your head.
You are partially covered in thin metallic scales. (AC +2)
You are partially covered in sharp spines.


Message History

Menkaure calls on the powers of darkness!
Your body is wracked with pain!
The orc convulses! x2
You hit Menkaure but do no damage. Your headbutt misses Menkaure.
Menkaure is moderately damaged.
Menkaure casts a spell at you. Pain shoots through your body!
An orc comes into view. It is wielding a +0 club.
Menkaure closely misses you.
The orc shouts!
You sock Menkaure!
You headbutt Menkaure, but do no damage.
Menkaure is severely damaged.
The frilled lizard closely misses you. Menkaure is struck by your spines.
Menkaure hits you!
* * * LOW HITPOINT WARNING * * *
You closely miss Menkaure.
You headbutt Menkaure, but do no damage.
Menkaure is severely damaged.
Menkaure hits you!
You die...

...). .....######
..........#
..........###
..>.........
..........# ......M...#
.o....l@..# .<.o..o...#
........$.#######
................#
................#
.................!#
#....?..........#.#
#.....)....#......#...#
.....##.#.##.........#


You could see Menkaure, 3 orcs and a frilled lizard.

Vanquished Creatures
  Sigmund (D:2)
  Jessica (D:3)
  An iguana (D:3)
  Robin (D:3)
  2 adders (D:3)
  An ooze (D:2)
  A worm (D:2)
  A dart slug (D:1)
  4 orcs
  2 bats (D:2)
  5 giant cockroaches
  15 goblins
  10 hobgoblins
  11 jackals
  A quokka (D:2)
  5 frilled lizards
  12 kobolds
  9 rats
83 creatures vanquished.

Notes
Turn   | Place    | Note
-------+----------+-------------------------------------------
     0 | D:1      | Frank2 the Demonspawn Gladiator began the quest for the
                  | Orb.
     0 | D:1      | Reached XP level 1. HP: 16/16 MP: 1/1
   399 | D:1      | Gained mutation: You have a pair of small horns on your
                  | head. [demonic ancestry]
   399 | D:1      | Reached XP level 2. HP: 15/22 MP: 2/2
   733 | D:1      | Reached skill level 3 in Maces & Flails
  1517 | D:2      | Reached XP level 3. HP: 27/27 MP: 3/3
  1615 | D:2      | Noticed Sigmund
  1634 | D:2      | Killed Sigmund
  1634 | D:2      | Reached skill level 4 in Maces & Flails
  1634 | D:2      | Reached XP level 4. HP: 5/34 MP: 4/4
  1634 | D:2      | Gained mutation: You are partially covered in sharp spines.
                  | [demonic ancestry]
  1634 | D:2      | Reached XP level 5. HP: 6/40 MP: 5/5
  2077 | D:2      | Found a shimmering blue altar of Sif Muna.
  2486 | D:3      | Found a glowing golden altar of the Shining One.
  2489 | D:3      | Gained mutation: You are partially covered in thin metallic
                  | scales. (AC +2) [demonic ancestry]
  2489 | D:3      | Reached XP level 6. HP: 47/47 MP: 6/6
  2498 | D:3      | Noticed Jessica
  2504 | D:3      | Killed Jessica
  2591 | D:3      | Noticed Robin
  2601 | D:3      | Killed Robin
  3223 | D:3      | Found a burning altar of Makhleb.
  3385 | D:3      | Became a worshipper of Makhleb the Destroyer
  3444 | D:4      | Noticed Menkaure
  3452 | D:4      | Mangled by Menkaure

Levels and vault maps discovered:
D:1:      dpeg_arrival_chambers_temple_mockup, layout_basic,
          chequers_mini_garden
D:2:      layout_rooms, lemuel_blue_sif_altar, uniq_sigmund
D:3:      layout_basic, lightli_temple_of_fire, lemuel_crystal_altar,
          serial_co_window_serial, co_window_corner_a, co_window_corner_a,
          co_window_paths_b, co_window_paths_b, co_window_paths_b,
          co_window_paths_b, co_window_paths_a, co_window_broadway_c,
          co_window_unsneaky_path_b, co_window_paths_c, co_window_broadway_a,
          co_window_corner_ca, co_window_corner_ca, glass_columns_a,
          first_ration, uniq_jessica, uniq_robin
D:4:      layout_rooms, fedhas_altar_2, sigmund_army, uniq_menkaure,
          uniq_eustachio, uniq_ijyb

Skill      XL: |  1  2  3  4  5 |
---------------+----------------+-----
Dodging        | 3 |  3.6
Maces & Flails | 3 4 |  4.4
Armour         | 2 |  2.6
Fighting       | 3 |  3.2
Throwing       | |  1.8
Stealth        | |  0.7

Action                   |  1- 3 |  4- 6 || total
-------------------------+-------+-------++-------
Melee: Flail             |    99 |    94 ||   193
       Headbutt          |    11 |    16 ||    27
  Use: Scroll            |     2 |     3 ||     5
       Potion            |     1 |       ||     1
 Stab: Sleeping          |     1 |       ||     1
  Eat: Chunk             |     2 |     3 ||     5
       Ration            |       |     1 ||     1
Armor: Leather armour    |    16 |       ||    16
       Ring mail         |    15 |    30 ||    45
Dodge: Dodged            |    87 |    53 ||   140
